 Dungeon Crawl Stone Soup version 0.15.0-13-gb296d5c (console) character file.

73 gw the Skirmisher (level 4, -7/24 HPs)
             Began as a Vine Stalker Berserker on Sept 3, 2014.
             Was a Believer of Trog.
             Mangled by a gnoll
             ... wielding a +0 flail
              (11 damage)
             ... on Level 2 of the Dungeon.
             The game lasted 00:00:52 (1887 turns).

gw the Skirmisher (Vine Stalker Berserker)          Turns: 1887, Time: 00:00:52

HP  -7/24        AC  5     Str 20      XL: 4   Next: 27%
MP   0/5         EV 10     Int  7      God: Trog [**....]
Gold 0           SH  0     Dex 14      Spells:  0 memorised,  3 levels left

rFire  + . .     SeeInvis .     j - +1 dagger
rCold  . . .     Clarity  .     l - +0 ring mail
rNeg   . . .     rCorr    .     (no shield)
rPois  .         rRot     +     (no helmet)
rElec  .         Spirit   +     (no cloak)
SustAb .         Warding  .     (no gloves)
rMut   .         Stasis   .     (no boots)
Gourm  .                        (no amulet)
MR     .....                    (no ring)
                                h - ring of protection from fire

@: heavily drained, not resistant to hostile enchantments, very unstealthy
A: fangs 2, regeneration 1, magic shield, antimagic bite, no device heal 3, rot
immunity
a: Burn Spellbooks, Berserk, Trog's Hand, Renounce Religion


You were on level 2 of the Dungeon.
You worshipped Trog.
Trog was pleased with you.
You were very hungry.

You visited 1 branch of the dungeon, and saw 2 of its levels.

Inventory:

Hand weapons
 j - a +1 dagger (weapon)
Missiles
 d - 113 stones
 g - 4 tomahawks (quivered)
Armour
 l - a +0 ring mail (worn)
Comestibles
 a - 3 fruits
 c - 2 bread rations
 f - a meat ration
 i - a beef jerky
Scrolls
 b - a scroll of immolation
 e - a scroll of magic mapping {unknown}
Jewellery
 h - a ring of protection from fire (left hand)
Potions
 k - 2 potions of curing {unknown}
 m - a potion of heal wounds {unknown}


   Skills:
 + Level 3.3(2.1) Fighting
 - Level 2.6(1.5) Short Blades
 + Level 1.8(0.7) Throwing
 - Level 1.5(0.4) Armour
 + Level 2.3(1.2) Dodging


You had 3 spell levels left.
You didn't know any spells.

Dungeon Overview and Level Annotations

Branches:
Dungeon (2/15)

Altars:


Innate Abilities, Weirdness & Mutations

You have extremely sharp teeth.
Your natural rate of healing is unusually fast.
When hurt, damage is shared between your health and your magic reserves.
Your bite disrupts and absorbs the magic of your enemies.
Potions and wands cannot restore your health.
You are immune to rotting.


Message History

ATTACKING (1,0)
You closely miss the gnoll. You bite the gnoll, but do no damage.
The gnoll is severely wounded.
The gnoll barely misses you. The gnoll closely misses you.
ATTACKING (1,0)
You hit the gnoll.
You kill the gnoll!
Trog accepts your kill.
The gnoll hits you from afar with a halberd!
ATTACKING (1,0)
You barely miss the gnoll. You bite the gnoll. You drain its power.
You feel invigorated.
The gnoll is moderately wounded.
The gnoll closely misses you.
ATTACKING (1,0)
You hit the gnoll.
The gnoll is moderately wounded.
The gnoll hits you from afar with a halberd!
The gnoll hits you with a flail!
You die...

......##........#
#.########...#
.....############ #.# #>.)#
....#### #.# #...# .......# #.#
#...# ..#.##.#############.#
###...# .##.......##.......#.#
#$..).. .
#....##.##.#####.#.######.#...#
.
#.##.##.##.#####.#.#.........##
#.##..........fg...#.####.#####
.....##.##.#####g###.# #.#####
##.......##.# #(# #.####......
##########.. ..###..........#
#### #####......##...#
#####.####......#
#.).....#####..## #.......#
##..## #..##.#.# #.....


You could see 2 gnolls.

Table legend:
 A = Turns spent in this place as a percentage of turns spent in the entire game.
 B = Non-inter-level travel turns spent in this place as a percentage of non-inter-level travel turns spent in the entire game.
 C = Inter-level travel turns spent in this place as a percentage of turns spent in this place.
 D = Turns resting spent in this place as a percentage of non-inter-level travel turns spent in this place.
 E = Turns spent auto-exploring this place as a percentage of non-inter-level travel turns spent in this place.
 F = Non-inter-level travel turns spent in this place divided by the number of levels of this place that you've seen.
                   A       B       C       D       E      F
               +-------+-------+-------+-------+-------+----------------------
         Total | 100.0 | 100.0 |   1.1 |   7.4 |  19.6 | 222.5
       Dungeon | 100.0 | 100.0 |   1.1 |   7.4 |  19.6 | 222.5
               +-------+-------+-------+-------+-------+----------------------

Table legend:
 A = Kills in this place as a percentage of kills in entire the game.
 B = Kills by you in this place as a percentage of kills by you in the entire game.
 C = Kills by friends in this place as a percentage of kills by friends in the entire game.
 D = Other kills in this place as a percentage of other kills in the entire game.
 E = Experience gained in this place as a percentage of experience gained in the entire game.
 F = Experience gained in this place divided by the number of levels of this place that you have seen.
                   A       B       C       D       E      F
               +-------+-------+-------+-------+-------+----------------------
         Total | 100.0 | 100.0 |  -nan |  -nan | 100.0 |  52.5
       Dungeon | 100.0 | 100.0 |  -nan |  -nan | 100.0 |  52.5
               +-------+-------+-------+-------+-------+----------------------

Vanquished Creatures
  Terence (D:2)
  2 adders (D:2)
  A gnoll (D:2)
  2 bats (D:2)
  5 giant cockroaches
  5 hobgoblins
  3 jackals (D:2)
  4 kobolds
  5 giant newts
  3 goblins
  3 rats (D:1)
34 creatures vanquished.

Notes
Turn   | Place    | Note
--------------------------------------------------------------
     0 | D:1      | gw, the Vine Stalker Berserker, began the quest for the Orb.
     0 | D:1      | Reached XP level 1. HP: 11/11 MP: 1/1
   305 | D:1      | Reached XP level 2. HP: 16/16 MP: 3/3
   924 | D:2      | Reached skill level 1 in Throwing
   985 | D:2      | Reached skill level 3 in Fighting
   999 | D:2      | Reached XP level 3. HP: 20/20 MP: 1/4
  1220 | D:2      | Noticed Terence
  1241 | D:2      | Killed Terence
  1552 | D:2      | Acquired Trog's second power
  1775 | D:2      | Reached XP level 4. HP: 24/24 MP: 5/5
  1887 | D:2      | Mangled by a gnoll

Action                   |  1- 3 |  4- 6 || total
-------------------------+-------+-------++-------
Melee: Short sword       |    24 |       ||    24
       Dagger            |    88 |    10 ||    98
Throw: Stone             |    66 |       ||    66
       Tomahawk          |    14 |     1 ||    15
Invok: Berserk           |     2 |       ||     2
       Trog's Hand       |     1 |       ||     1
  Use: Scroll            |     5 |       ||     5
       Potion            |     1 |       ||     1
  Eat: Chunk             |     4 |       ||     4

Vault maps used:
D:1:      ncdulo_lavacross
D:2:      first_bread, uniq_terence
